Cogmind - Beta 13 @@@ ROGUE MODE // 2024.03.17 @ 19:43:17 Player: TheLargestBoi Result: Self-destructed Performance ------------- Evolutions (1) 500 Regions Visited (2) 400 Robots Destroyed (54) 270 Value Destroyed (952) 952 Prototype IDs (1) 20 Alien Tech Used (0) 0 Bonus (6) 6 TOTAL SCORE: 2148 Bonus ------- High Alert Combat Kills 6 Cogmind --------- Core Integrity 38/400 Matter 286/300 Energy 265/265 System Corruption 4% Temperature Cool (0) Movement Walking (260) Ox2 Location -9/Materials Parts ------- > --- POWER (1) -------- Improved Ion Engine > --- PROPULSION (2) --- Aluminum Leg > --- UTILITY (4) ------ Medium Storage Unit Visual Processing Unit Core Shielding Hacking Suite > --- WEAPON (2) ------- Improved Medium Laser Katana > --- INVENTORY (10) --- Improved Ion Engine Aluminum Leg Aluminum Leg Aluminum Leg Medium Battery (150) Sensor Array Improved Medium Laser Improved Medium Laser Improved Medium Laser Datajack Peak State ------------ > --- POWER ------------ Light Ion Engine > --- PROPULSION ------- Aluminum Leg Improved Aluminum Leg > --- UTILITY ---------- Medium Storage Unit Visual Processing Unit Improved Terrain Scanner Hacking Suite > --- WEAPON ----------- Heavy Assault Rifle Katana > --- INVENTORY -------- Aluminum Leg Aluminum Leg Aluminum Leg Aluminum Leg Aluminum Leg Medium Battery Trap Extractor Assault Rifle Datajack [Rating: 19] Favorites ----------- Power Ion Engine Engine Ion Engine Propulsion Aluminum Leg Leg Aluminum Leg Utility Visual Processing Unit Device Sensor Array Storage Small Storage Unit Processor Visual Processing Unit Hackware Hacking Suite Protection Core Shielding Weapon Assault Rifle Energy Gun Small Laser Ballistic Gun Assault Rifle Special Weapon Mining Laser Slashing Weapon Katana Build | -11 -10 -9 ------- Run | Yrd Mat Mat Slots Evolved 2 | . . 2 Power . | . . . Propulsion . | . . . Utility 2 | . . 2 Weapon . | . . . Parts Attached 45 | 8 4 33 Power 5 | 1 . 4 Engine 5 | 1 . 4 Core . | . . . Reactor . | . . . Propulsion 9 | 2 1 6 Treads . | . . . Leg 9 | 2 1 6 Wheel . | . . . Hover . | . . . Flight . | . . . Utility 12 | 2 1 9 Device 6 | 1 . 5 Storage 3 | 1 . 2 Processor 1 | . 1 . Hackware 1 | . . 1 Protection 1 | . . 1 Artifact . | . . . Weapon 19 | 3 2 14 Energy Gun 4 | 2 . 2 Energy Cannon . | . . . Ballistic Gun 10 | 1 2 7 Ballistic Cannon . | . . . Launcher . | . . . Special Weapon 2 | . . 2 Impact Weapon . | . . . Slashing Weapon 3 | . . 3 Piercing Weapon . | . . . Special Melee Weapon . | . . . Unidentified Prototypes 1 | . . 1 Parts Lost 11 | . . 11 Power 2 | . . 2 Propulsion 3 | . . 3 Utility 2 | . . 2 Weapon 4 | . . 4 Highest Loss Streak 3 | . . 3 To Critical Strikes . | . . . Average Slot Usage (%) 95 | . 100 93 Engine 10 | . 14 9 Leg 23 | . 28 21 Device 11 | . 8 12 Storage 11 | . 14 11 Processor 9 | . 5 11 Hackware 2 | . . 2 Protection 1 | . . 1 Energy Gun 2 | . 6 . Ballistic Gun 19 | . 21 18 Slashing Weapon 1 | . . 2 Naked Turns . | . . . Heaviest Build 23 | 13 15 23 Greatest Support 23 | 20 20 23 Greatest Overweight (x) 2 | 1 . 2 Average Overweight (x) . | . . . Largest Inventory Capacity 10 | 8 8 10 Average Capacity 8 | 7 8 8 Most Carried 10 | 3 8 10 Average Carried 7 | 1 6 7 Final Capacity 10 | 8 8 10 Final Carried 10 | 3 8 10 Class Distribution -------------------- 41% | Mutant 31% | Scavenger-Mutant 26% | Scavenger-Skirmisher Dominant Class ---------------- Mutant | -10/Materials Scavenger-Mutant | -9/Materials Resources | -11 -10 -9 ----------- Run | Yrd Mat Mat Matter Collected 1151 | 278 116 757 Remotely . | . . . Salvage Created 1778 | 52 466 1260 Parts 118 | 4 45 69 Haulers Intercepted 3 | . 1 2 Recyclers Shooed 4 | 1 1 2 Parts Field Recycled . | . . . Retrieved Matter . | . . . Parts Self-Destructed . | . . . Prevented . | . . . Kills | -11 -10 -9 ------- Run | Yrd Mat Mat Combat Hostiles Destroyed 36 | . 13 23 Melee 5 | . . 5 Guns 31 | . 13 18 Classes Destroyed 11 | 1 6 4 Worker 2 | . . 2 Builder 1 | . . 1 Tunneler 2 | 2 . . Hauler 3 | . 1 2 Recycler 6 | . 1 5 Operator 1 | . 1 . Watcher 3 | . 1 2 Swarmer 19 | . 9 10 Grunt 12 | . 4 8 Duelist 1 | . . 1 Sentry 4 | . . 4 Best Kill Streak 9 | 2 6 9 Combat Bots Only 9 | . 6 9 Max Kills in Single Turn 2 | 1 2 1 Gunslinging 1 | . 1 . Exploded . | . . . Melee 1 | . . 1 Uniques/NPCs Destroyed . | . . . Combat | -11 -10 -9 -------- Run | Yrd Mat Mat Hostile Shots Fired 193 | . 43 150 Missed 44 | . 12 32 Damage Taken 1903 | . 332 1571 Core 399 | . 37 362 Absorbed by Shields . | . . . Redirected to Shielding 5 | . . 5 Core Remaining (%) 92 | 100 85 . Volleys Fired 146 | 9 48 89 Largest 2 | 2 2 2 Hottest 112 | 60 60 112 Shots Fired 257 | 18 96 143 Gun 254 | 18 96 140 Cannon . | . . . Launcher . | . . . Special 3 | . . 3 Kinetic 208 | 9 75 124 Thermal 49 | 9 21 19 Explosive . | . . . Electromagnetic . | . . . Robot Hit Streak 20 | 4 20 15 Robot Miss Streak 5 | 5 4 4 Penetration Max . | . . . Secondary Targets 6 | . 2 4 Max Gunslinging Chain 1 | . 1 1 Shots Hit Robots 179 | 10 57 112 Core Hits 75 | 2 28 45 Critical Kills . | . . . Critical Parts Destroyed . | . . . Critical Strikes 5 | . . 5 Burn 3 | . . 3 Sever 2 | . . 2 Melee Attacks 23 | . . 23 Impact . | . . . Slashing 23 | . . 23 Piercing . | . . . Sneak Attacks 7 | . . 7 Combat Hostiles . | . . . Follow-up Attacks . | . . . Damage Inflicted 3019 | 101 654 2264 Guns 2104 | 100 640 1364 Cannons . | . . . Explosions . | . . . Melee 869 | . . 869 Ramming 46 | 1 14 31 Kinetic 1695 | 34 465 1196 Thermal 409 | 66 175 168 Explosive . | . . . Electromagnetic . | . . . Impact . | . . . Slashing 869 | . . 869 Piercing . | . . . Highest Corruption 4 | . . 4 Average Corruption 4 | . . 4 Corruption Purged . | . . . Corruption Blocked . | . . . Effects 22 | . . 22 Message Errors 3 | . . 3 Matter Fused 3 | . . 3 Heat Flow Errors 4 | . . 4 Energy Discharges 5 | . . 5 Parts Rejected 1 | . . 1 Data Loss (minor) 4 | . . 4 Alerts 1 | . . 1 Weapon Failures 1 | . . 1 Overload Shots . | . . . Overflow Damage 86 | . . 86 Projectiles . | . . . Explosions . | . . . Melee 86 | . . 86 Knockbacks . | . . . Impact . | . . . Kinetic . | . . . Secondary . | . . . Self-Inflicted Damage . | . . . Shots . | . . . Rammed . | . . . Targets Rammed 7 | 1 2 4 Kicked 7 | 1 2 4 Crushed . | . . . Highest Temperature 462 | 40 70 462 Average Temperature 114 | 19 20 176 Received Heat Transfer 327 | . 102 225 Effects 5 | . . 5 Shutdowns 1 | . . 1 Energy Bleed 1 | . . 1 Interference 3 | . . 3 Siege Activations . | . . . Robots Corrupted . | . . . Combat Hostiles . | . . . Parts Fried . | . . . Impact Corruptions . | . . . Robots Melted . | . . . Combat Hostiles . | . . . Parts Melted 2 | . . 2 Heat Transferred 1142 | 150 400 592 Parts Sabotaged . | . . . Parts Stolen . | . . . Parts Stripped . | . . . Power Chain Reactions . | . . . Alert | -11 -10 -9 ------- Run | Yrd Mat Mat Peak Influence 458 | 10 172 458 Initial 69 | . 6 69 Average 98 | 2 60 118 Maximum Alert Level 2 | . . 2 Low Security (%) 84 | 100 100 77 Level 1 12 | . . 17 Level 2 3 | . . 4 Level 3 . | . . . Level 4 . | . . . Level 5 . | . . . High Security . | . . . Max Security . | . . . Squads Dispatched 3 | . 1 2 Investigation . | . . . Extermination . | . . . Reinforcement 2 | . 1 1 Assault 1 | . . 1 Garrison . | . . . Intercept . | . . . Searches Triggered . | . . . Construction Impeded . | . . . Haulers Reinforced . | . . . Active Scanning Responses . | . . . Cargo Convoy Interrupts . | . . . Stealth | -11 -10 -9 --------- Run | Yrd Mat Mat Distress Signals 6 | . 1 5 Communications Jammed . | . . . Distress Signals . | . . . Times Spotted 67 | . 24 43 Peak Tracking Total 5 | . 4 5 Tactical Retreats 5 | . 1 4 Traps | -11 -10 -9 ------- Run | Yrd Mat Mat Traps Triggered 1 | . 1 . Indirectly . | . . . Trap Hack Attempts . | . . . Triggered . | . . . Disarmed . | . . . Reprogrammed . | . . . Reused . | . . . Traps Extracted . | . . . Installed . | . . . Triggered . | . . . Machines | -11 -10 -9 ---------- Run | Yrd Mat Mat Machines Disabled . | . . . Max in Single Turn . | . . . Machines Repaired . | . . . Machines Dismantled . | . . . Machines Sabotaged . | . . . Overloaded Fab Kills . | . . . Hacking | -11 -10 -9 --------- Run | Yrd Mat Mat Machines Accessed 13 | . 8 5 Terminals 12 | . 7 5 Fabricators . | . . . Repair Stations . | . . . Recycling Units 1 | . 1 . Scanalyzers . | . . . Garrison Access . | . . . Total Hacks 54 | . 33 21 Successful 26 | . 14 12 Failed 28 | . 19 9 Catastrophic 2 | . 2 . Database Lockouts . | . . . Manual 43 | . 27 16 Terminals 51 | . 30 21 Fabricators . | . . . Repair Stations . | . . . Recycling Units 3 | . 3 . Scanalyzers . | . . . Garrison Access . | . . . Terminal Hacks 16 | . 9 7 Robot Schematic 1 | . 1 . Robot Analysis 2 | . 2 . Branch Access Points 1 | . . 1 Emergency Access Points 1 | . 1 . Terminal Index 2 | . 1 1 Unreport Threat 1 | . . 1 Locate Traps 1 | . 1 . Patrol Status 1 | . . 1 Transport Status 1 | . 1 . Hauler Manifests 1 | . 1 . Registered Components 1 | . 1 . Registered Prototypes 1 | . . 1 Zone Layout 2 | . . 2 Fabricator Hacks . | . . . Repair Station Hacks . | . . . Recycling Unit Hacks . | . . . Scanalyzer . | . . . Garrison Access Hacks . | . . . Unauthorized Hacks 10 | . 5 5 Terminals 9 | . 4 5 Assimilate 2 | . 1 1 Botnet 5 | . 2 3 Operators 2 | . 1 1 Fabricators . | . . . Repair Stations . | . . . Recycling Units 1 | . 1 . Mask 1 | . 1 . Scanalyzers . | . . . Garrison Access . | . . . Data Cores Recovered . | . . . Used . | . . . Hacking Detections 13 | . 8 5 Full Trace Events . | . . . Feedback Events . | . . . Feedback Blocked . | . . . Robot Schematics Acquired 1 | . 1 . Robots Built . | . . . Authchips . | . . . Time . | . . . Total Robot Build Rating . | . . . Part Schematics Acquired . | . . . Parts Built . | . . . Authchips . | . . . Time . | . . . Total Part Build Rating . | . . . Parts Repaired . | . . . Time . | . . . Parts Recycled . | . . . Recycled Matter . | . . . Retrieved Matter . | . . . Retrieved Components . | . . . Parts Scanalyzed . | . . . Part Schematics Acquired . | . . . Parts Damaged . | . . . Bothacking | -11 -10 -9 ------------ Run | Yrd Mat Mat Used RIF Installer . | . . . Robots Hacked . | . . . Non-combat . | . . . Combat . | . . . Robot Hacks Applied . | . . . Relay Couplers Released . | . . . Fabnet Peak Effective % . | . . . Robots Rewired . | . . . Allies Hacked . | . . . Hacks Repelled . | . . . Allies | -11 -10 -9 -------- Run | Yrd Mat Mat Total Allies 2 | . 1 1 Largest Group 2 | . 1 2 Highest-Rated Group 20 | . 10 20 Highest-Rated Ally 10 | . 10 10 Total Orders 1 | . . 1 STAY 1 | . . 1 Ally Attacks . | . . . Total Damage . | . . . Kills . | . . . Allies Corrupted . | . . . Allies Melted . | . . . Intel | -11 -10 -9 ------- Run | Yrd Mat Mat Robot Analysis Total 2 | . 2 . Derelict Logs Recovered . | . . . Drone Launches . | . . . Drone Recoveries . | . . . Exploration | -11 -10 -9 ------------- Run | Yrd Mat Mat Turns Passed 3517 | 126 958 2433 Spaces Moved 1394 | 72 542 780 Core 4 | 4 . . Treads . | . . . Legs 1390 | 68 542 780 Wheels . | . . . Hover . | . . . Flight . | . . . Fastest Speed 50 | 50 120 120 Average Speed 131 | 116 120 140 Slowest Speed 260 | 120 120 260 Overloaded Moves . | . . . Propulsion Burnouts . | . . . Robots Hopped . | . . . Cave-ins Triggered 1 | . . 1 Exploration Rate (%) 45 | 5 94 37 Regions Visited 2 Branch Regions . Pre-discovered Areas . | . . . Known Exits Taken . | . . . Unknown Exits Taken 2 | 1 1 . Scrap Searched . | . . . Spaces Dug 3 | . . 3 Terrain Destroyed 3 | . . 3 Melee . | . . . Projectile 3 | . . 3 AOE . | . . . Terrain Rammed . | . . . Walls Destroyed . | . . . Machines Disabled . | . . . Actions | -11 -10 -9 --------- Run | Yrd Mat Mat Total 2787 | 93 761 1933 Wait 1121 | 1 146 974 Move 1392 | 71 541 780 Hop . | . . . Pick Up 27 | 3 11 13 Fast Attach 17 | 7 1 9 Attach 9 | . . 9 Detach 3 | . . 3 Swap 19 | 1 3 15 Drop 23 | . 9 14 Fire 146 | 9 48 89 Melee 23 | . . 23 Ram . | . . . Kick 7 | 1 2 4 Crush . | . . . Escape Stasis . | . . . Rewire . | . . . Trap . | . . . Miscellaneous . | . . . Route ------- -11/Scrapyard -10/Materials (discovered 4 exits: *Mat x3 / [*Min]) -9/Materials (discovered 2 exits: [*Mat] / Min) History --------- Turn | Location | Event 4 | -11/Scrapyard | Discovered new exit (range 15) 127 | -11/Scrapyard | Entered Materials 301 | -10/Materials | Build established: Mutant 546 | -10/Materials | Discovered new exit (range 15) 657 | -10/Materials | Discovered new exit (range 8) 765 | -10/Materials | Discovered new exit (range 18) 1016 | -10/Materials | Discovered new exit (range 15) 1085 | -10/Materials | Entered another Materials area 1085 | -9/Materials | Accompanied by 1 ally 1085 | -9/Materials | Evolved 2 slots: Utility x2 1119 | -9/Materials | Identified exit to Mines 1392 | -9/Materials | Build established: Scavenger-Skirmisher 2102 | -9/Materials | Lost 3 parts (1p1n1w) 2334 | -9/Materials | Build established: Mutant 2611 | -9/Materials | Crushed by falling debris 2710 | -9/Materials | Build established: Scavenger-Mutant 2929 | -9/Materials | Core integrity fell below 50% 2958 | -9/Materials | Lost 3 parts (1p2w) 3011 | -9/Materials | Destroyed 9 combat bots 3069 | -9/Materials | Core integrity fell below 20% 3274 | -9/Materials | Discovered new exit (range 4) 3485 | -9/Materials | First assault squad dispatched 3518 | -9/Materials | Self-destructed Last Messages --------------- 03466_ K-01 Serf suffers critical hit (Burn). 03466_ Wheel melted. 03466_ K-01 Serf destroyed. 03468_ K-01 Serf collects debris. 03473_ Power failure, Imp. Ion Engine shutdown. 03473_ DPI>&NRVY:PWPP% FWFE 03473_ K-01 Serf collects debris. 03474_ Acquired 11 matter. 03477_ K-01 Serf collects debris. 03478_ R-06 Scavenger collects Lgt. Ion Engine. 03481_ K-01 Serf collects debris. 03484_ S-10 Pest destroyed. 03485_ ALERT: Significant disruption in Zone 8T, assault force dispatched. 03486_ K-01 Serf collects debris. 03486_ W-16 Scout destroyed. 03489_ K-01 Serf collects debris. 03514_ System corrupted: Matter fused (-10). 03516_ C-30 ARC bursts open, deploying its payload. 03516_ G-47 Trooper unfolds itself. 03516_ B-36 Bruiser unfolds itself. Map ----- +----------------------------------------------------+ | | | | | | | | | ????????????????????????????????#######??????????? | | ???????????????????????????????? ????????? | | ???????????????????????????????? ????????? | | ????????????????????????????????? """?????????? | | ????????????????????????????????? """?????????? | | ??????????????????????????????????! ""??######### | | ?????????????????????????????????? ??# # | | ???#########??????????????????????? ???# < # """ | | ???# ??????????????????????? ???# # """ | | ???? """ ! #######################+##### + """ | | ????""""" # != =! !%[ # | | ????""""" + !!! * = = # | | ????""""" # |%=%= ! ##### | | ???? """ # =!##############+######+#######???? | | ???# ?# !%#???????????# ??# #??????? | | ???# ?# %*#?????####### ## #??????? | | ???########??# ####### # ## """ #??????? | | ?????????????# bg # ## """ #??????? | | ?????????????# gb # ## """ #??????? | | ?????????????# # ## #??????? | | ?????????????########### # ## """ #??????? | | ???????????????????????##@ ## ##[""" #??????? | | ????????????????????????# ## !!! ##=""" #??????? | | ????????????????????????# ## !!! ## % #??????? | | ????????????????????????# ## !!! ##[ = #?????## | | ????????????????????????# ## ## ! #?????# | | ????????????????????????# ###############?????# | | ???????????####+????????# k#???????????????????# | | ???????#+### ??????# #???????????????????# | | ??????? ###### ##################### | | ?????? =% # | | ?????? %= # | | ?????? ! ! k / | | ?????? ###% ################# # | | ??????# ## ???#% #?############### ## | | ???????????### ???#?# #?# # | | ?????????????#? ?????# #?# """ # | | ?????????????#???????# #?# """ # % | | ?????????????????????# #?#"" """ + T | | ??????????????? ?????# #?#"T """ #%% | | ?????????????????????# #?#"" # | | ?????????????????????# %% ### # | | ???????????????? ???######+################# # | | ??????????? ??? #?# =! % = #???#?????## # | | ??????????????? #?# """% % T #???????#??# # | | ??????????????? ##?# """[ =[% ############ # | +----------------------------------------------------+ Best States ------------- Heat Dissipation 28 Energy Generation 12 Energy Capacity 265 Matter Stores 300 Matter Capacity 300 Sight Range 18 Robot Scan Range 14 Terrain Scan Range 16 Terrain Scan Density 10 Core Shielding 20 Evasion (%) 55 Offensive Hacking 10 Item Schematics ----------------- None Robot Schematics ------------------ G-34 Mercenary | -10/Materials | Hacked Fabricated ------------ Nothing Alien Tech Used ----------------- None Achievements -------------- None Challenges ------------ None Game ------ Seed TerrainBattleVibroblade Manual? 0 Play Time 00:24:53 Cumulative 26.1 hours Start 2024.03.17 @ 19:19:03 End 2024.03.17 @ 19:43:17 Sessions 1 Manual Loads 0 Difficulty Rogue Special Mode None Game No. 58 Rogue 58 Adventurer 0 Explorer 0 Win Type - Total 1 Types 1/0/0/0/0/0/0/0/0 Lore% 16 Gallery% 29 Achievement% 32 Wizard Run 0 Options --------- Layout 0 ASCII 0 Keyboard 0 Movement Numpad Keybinds 0 Fullscreen 1 Font 18/SmallcapsGlow Map View 76x50 Zoom Use 0% Tactical HUD 1 Map Filters NONE Filters NONE Steam 1 RUN: 74884412-4732-49ff-b44b-b99ac72b1d67